 Dungeon Crawl Stone Soup version 0.24.1-4-ge52af88ad5 (webtiles) character file.

Game seed: 10292073196780021243, levelgen mode: deterministic

629 nightchill the Cudgeler (level 7, -3/44 HPs)
             Began as a Gargoyle Gladiator on Apr 14, 2020.
             Splashed by a jelly's acid (6 damage)
             ... on level 5 of the Dungeon.
             The game lasted 00:09:53 (4119 turns).

nightchill the Cudgeler (Gargoyle Gladiator)        Turns: 4119, Time: 00:09:54

Health: -3/44      AC:  3    Str: 20    XL:     7   Next: 48%
Magic:  7/7        EV: 11    Int:  8    God:
Gold:   254        SH:  0    Dex: 11    Spells: 6/6 levels left

rFire    . . .     SeeInvis .   a - +0 flail
rCold    . . .     Gourm    .   (no shield)
rNeg     + . .     Faith    .   u - +0 ring mail (curse)
rPois    ∞         Spirit   .   c - +0 helmet
rElec    +         Reflect  .   (no cloak)
rCorr    .         Harm     .   v - +0 pair of gloves
MR       .....                  (no boots)
Stlth    +.........             (no amulet)
HPRegen  0.14/turn              (no ring)
MPRegen  0.10/turn              (no ring)

@: corroded, hasted, very quick
A: negative energy resistance 1, electricity resistance, unbreathing,
petrification resistance, rot immunity, AC +4
a: no special abilities


You were on level 5 of the Dungeon.
You were not hungry.

You visited 1 branch of the dungeon, and saw 5 of its levels.

You collected 254 gold pieces.

Inventory:

Hand Weapons
 a - a +0 flail (weapon)
 y - a +0 dagger of venom
Missiles
 d - 3 throwing nets
 m - 91 stones
 w - 3 javelins (quivered)
Armour
 c - a +0 helmet (worn)
 o - a +0 scale mail
 u - a cursed +0 ring mail (worn)
 v - a +0 pair of gloves (worn)
Wands
 r - a wand of enslavement (13)
 t - a wand of clouds (6)
Scrolls
 b - a scroll of teleportation {unknown}
 e - 2 scrolls of identify {unknown}
 g - 2 scrolls of remove curse {unknown}
 h - 3 scrolls of enchant weapon {unknown}
 j - a scroll of magic mapping {unknown}
 s - a scroll of fog {unknown}
Potions
 i - a potion of agility {unknown}
 k - a potion of ambrosia {unknown}
 l - 3 potions of curing
 p - a potion of degeneration {unknown}
 q - a potion of mutation {unknown}
Comestibles
 f - 5 rations


   Skills:
 + Level 5.3 Fighting
 * Level 7.1 Maces & Flails
 - Level 1.7 Throwing
 - Level 2.4 Dodging


You had 6 spell levels left.
You didn't know any spells.
Your spell library was empty.

Dungeon Overview and Level Annotations

Branches:
Dungeon (5/15)
 Temple: D:4-7

Altars:
Elyvilon
Gozag
Kikubaaqudgha
Okawaru
Sif Muna

Annotations:
D:3 2 transporters, LifeIsToil's ghost, weakling MiGl
D:4 3 runed translucent doors, TrebMcFLY's ghost, novice MiFi


Innate Abilities, Weirdness & Mutations

You are resistant to torment.
Your stone body is resilient. (AC +4)
You are immune to poison.
You resist negative energy. (rN+)
You are resistant to electric shocks. (rElec)
You can survive without breathing.
You are immune to petrification.
You are immune to rotting.


Message History

Press: ? - help, Dir - move target cursor, f - jelly
Aim: a jelly (severely wounded)
You create a blast of noxious fumes!
The jelly hits you but does no damage.
You hit the jelly.
Your hands burn!
* * * LOW HITPOINT WARNING * * *
The jelly is almost dead.
The jelly hits you.
* * * LOW HITPOINT WARNING * * *
The acid corrodes you!
You are splashed with acid.
* * * LOW HITPOINT WARNING * * *
It was a potion of haste.
You feel yourself speed up. The jelly hits you but does no damage.
Things that are here:
a +0 whip; a cursed -3 war axe; a +0 ring mail You see here a +0 scale mail.
There is a stone staircase leading down here.
The jelly hits you.
* * * LOW HITPOINT WARNING * * *
You are splashed with acid.
You die...

.#######...# #.#
...........#####.#
#####.........##.#
#..>.........# #
#.........#..#### #.
#.#..........<>.. #.#
#.......###..#.## ####
#.####......## #..#.#
.....###[)J@...#.## ##..#.#
#...####...#... .#..#.#
####...####...#####.#..#.#
........>.##...##%...#..#.#
#####...#.#...............#
##.##.#............#
#.##.#.#.......#####
#.##.#.#..##........
#.##.#.#....)......(


You could see a jelly.

Vanquished Creatures
  An ogre (D:4)
  A crimson imp (D:5)
  An orc priest (D:5)
  2 hounds
  4 orc wizards
  2 worker ants
  2 hound skeletons (D:4)
  A gnoll (D:1)
  11 adders
  An ooze (D:3)
  An adder zombie (D:5)
  4 worms
  A dart slug (D:1)
  3 leopard geckos
  15 orcs
  8 giant cockroaches
  6 goblins
  10 hobgoblins
  9 jackals
  6 kobolds
  A quokka (D:3)
  3 bats
  3 frilled lizards
  A quokka skeleton (D:4)
  8 rats
105 creatures vanquished.

Notes
Turn   | Place    | Note
-------+----------+-------------------------------------------
     0 | D:1      | nightchill the Gargoyle Gladiator began the quest for the
                  | Orb.
     0 | D:1      | Reached XP level 1. HP: 12/12 MP: 1/1
   114 | D:1      | Reached XP level 2. HP: 18/18 MP: 2/2
   480 | D:1      | Reached XP level 3. HP: 8/22 MP: 3/3
   495 | D:1      | Reached skill level 4 in Maces & Flails
  1313 | D:2      | Reached XP level 4. HP: 19/28 MP: 4/4
  1609 | D:2      | Found a white marble altar of Elyvilon.
  2448 | D:3      | Reached XP level 5. HP: 32/32 MP: 5/5
  2575 | D:3      | Reached skill level 5 in Maces & Flails
  2686 | D:3      | Found a transporter.
  2687 | D:3      | Noticed LifeIsToil's ghost (weakling MiGl)
  2689 | D:3      | Identified the +7 great mace of Fyh Wilij {vamp, rF+ Int+3}
  2689 | D:3      | Noticed an ogre
  2689 | D:3      | Noticed an ogre
  2690 | D:3      | Found a transporter.
  2760 | D:3      | Found an ancient bone altar of Kikubaaqudgha.
  2763 | D:3      | Found an iron altar of Okawaru.
  2766 | D:3      | Found a shimmering blue altar of Sif Muna.
  2769 | D:3      | Found a white marble altar of Elyvilon.
  3125 | D:4      | Noticed an ogre
  3133 | D:4      | Killed an ogre
  3133 | D:4      | Reached XP level 6. HP: 39/39 MP: 6/6
  3222 | D:4      | Reached skill level 6 in Maces & Flails
  3308 | D:4      | Noticed TrebMcFLY's ghost (novice MiFi)
  3309 | D:4      | Noticed an ice beast
  3338 | D:4      | Found an opulent altar of Gozag.
  3461 | D:4      | Found a runed translucent gate.
  3462 | D:4      | Found a runed translucent gate.
  3463 | D:4      | Found a runed translucent gate.
  3569 | D:4      | Reached XP level 7. HP: 44/44 MP: 7/7
  3748 | D:5      | Entered Level 5 of the Dungeon
  3787 | D:5      | Reached skill level 5 in Fighting
  3917 | D:5      | Reached skill level 7 in Maces & Flails
  4085 | D:5      | HP: 2/44 [acid (6)]
  4092 | D:5      | HP: 2/44 [acid (6)]
  4119 | D:5      | Splashed by a jelly's acid

Levels and vault maps discovered:
D:1:      minmay_arrival_jagged, layout_basic, minmay_worlds_worst_comb
D:2:      layout_loops_corners, elyvilon_altar_3
D:3:      layout_loops_corners, grunt_temple_overflow_cloverleaf,
          gammafunk_ghost_smash
D:4:      layout_cave_pools, nicolae_gozag_cash_rules_everything_around_me,
          gammafunk_ghost_icy
D:5:      layout_loops_ring, lemuel_crystal_altar,
          minmay_temple_entry_enclosed_plants, first_ration

Skill      XL: |  1  2  3  4  5  6  7 |
---------------+----------------------+-----
Maces & Flails | 4 5 6 7 |  7.1
Fighting       | 3 4 5 |  5.3
Throwing       | |  1.7
Dodging        | |  2.4

Action                   |  1- 3 |  4- 6 |  7- 9 || total
-------------------------+-------+-------+-------++-------
Melee: Flail             |   122 |   208 |    88 ||   418
Throw: Javelin           |       |     4 |       ||     4
Evoke: Wand              |       |       |     1 ||     1
  Use: Potion            |       |       |     2 ||     2
  Eat: Chunk             |     1 |     8 |     2 ||    11
Armor: Leather armour    |    50 |     2 |       ||    52
       Scale mail        |       |    37 |       ||    37
       Ring mail         |       |    78 |    45 ||   123
Dodge: Dodged            |    91 |   126 |    39 ||   256
